 Dungeon Crawl Stone Soup version 0.19.0-19-g8c6edcc (webtiles) character file.

121 Minion the Slasher (level 4, -5/31 HPs)
             Began as a High Elf Abyssal Knight on Nov 12, 2016.
             Was a Believer of Lugonu.
             Slain by a gnoll
             ... wielding a +0 halberd
              (7 damage)
             ... on level 3 of the Dungeon.
             The game lasted 00:06:55 (2271 turns).

Minion the Slasher (High Elf Abyssal Knight)        Turns: 2271, Time: 00:06:55

Health: -5/31      AC:  6    Str: 11    XL:     4   Next: 76%
Magic:  6/6        EV: 13    Int: 16    God:    Lugonu [**....]
Gold:   114        SH:  0    Dex: 20    Spells: 0 memorised, 3 levels left

rFire  . . .     SeeInvis .     a - +1 falchion
rCold  . . .     Gourm    .     b - +0 leather armour
rNeg   . . .     Faith    .     (no shield)
rPois  .         Spirit   .     (no helmet)
rElec  .         Reflect  .     (no cloak)
rCorr  .         Harm     .     d - +2 pair of gloves
MR     .....                    (no boots)
Stlth  ++........               (no amulet)
                                (no ring)
                                k - +5 ring of dexterity

@: no status effects
A: no striking features
a: Depart the Abyss, Bend Space, Renounce Religion


You were on level 3 of the Dungeon.
You worshipped Lugonu.
Lugonu was pleased with you.
You were not hungry.

You visited 1 branch of the dungeon, and saw 3 of its levels.
You visited the Abyss 1 time.

You collected 114 gold pieces.

Inventory:

Hand Weapons
 a - a +1 falchion (weapon)
Armour
 b - a +0 leather armour (worn)
 d - a +2 pair of gloves (worn)
Jewellery
 k - a +5 ring of dexterity (left hand)
Scrolls
 c - a scroll of magic mapping {unknown}
 f - 2 scrolls of random uselessness {unknown}
 g - a scroll of fog {unknown}
 h - 3 scrolls of teleportation {unknown}
 i - 2 scrolls of blinking {unknown}
 l - 3 scrolls of identify {unknown}
 m - 3 scrolls of recharging {unknown}
 n - a scroll of noise {unknown}
 o - a scroll of remove curse {unknown}
 q - 2 scrolls of amnesia {unknown}
Potions
 e - a potion of curing {unknown}
 p - a potion of agility {unknown}
 r - a potion of brilliance {unknown}
 s - a potion of magic {unknown}
Comestibles
 j - a beef jerky
 t - a chunk of flesh


   Skills:
 - Level 3.0 Fighting
 + Level 5.4 Long Blades
 - Level 0.8 Armour
 + Level 3.2 Dodging
 - Level 2.0 Invocations


You had 3 spell levels left.
You didn't know any spells.

Dungeon Overview and Level Annotations

Branches:
Dungeon (3/15)

Altars:
Elyvilon
Nemelex Xobeh


Message History

The gnoll is lightly wounded.
The gnoll barely misses you.
You riposte.
You hit the gnoll.
The gnoll is heavily wounded.
You hit the gnoll.
The gnoll is heavily wounded.
The gnoll closely misses you.
Some of the chunks of flesh in your inventory have rotted away.
You slash the gnoll!
You kill the gnoll!
Lugonu accepts your kill. The gnoll closely misses you.
The gnoll closely misses you.
You closely miss the gnoll. The gnoll hits you with a halberd!
* * * LOW HITPOINT WARNING * * *
You are too injured to fight recklessly!
You are too injured to fight recklessly!
You hit the gnoll.
The gnoll is moderately wounded.
The gnoll hits you with a halberd!
You die...

#+###≈≈. #.≈≈≈. #.≈≈≈. #.≈≈≈.
#.≈≈≈. # #.≈≈≈. ############'#
#.≈≈≈. +....')......# #.≈≈≈.
#....#..@g...# #.≈≈≈.
#....#..)....# #+###≈≈P
#########''''########### #.g #≈≈.
.........................#.g #≈≈.
≈≈≈≈≈≈≈≈≈....≈≈≈≈≈≈≈≈≈≈≈≈#####≈≈.
≈≈≈≈≈≈≈≈≈....≈≈≈≈≈≈≈≈≈≈≈≈≈≈≈≈≈≈≈.
≈≈≈≈≈≈≈≈≈....≈≈≈≈≈≈≈≈≈≈≈≈≈≈≈≈≈≈≈.
.)............................P..
#####>...........................


You could see a gnoll.

Vanquished Creatures
  3 gnolls (D:3)
  3 adders (D:2)
  2 dart slugs (D:2)
  A leopard gecko (D:1)
  A giant cockroach (D:3)
  3 goblins
  9 hobgoblins
  17 jackals
  6 kobolds
  3 bats
  2 frilled lizards
  4 rats
54 creatures vanquished.

Notes
Turn   | Place    | Note
-------+----------+-------------------------------------------
     0 | Abyss:1  | Minion the High Elf Abyssal Knight began the quest for the Orb.
     0 | Abyss:1  | Reached XP level 1. HP: 16/16 MP: 3/3
     0 | D:1      | Escaped the Abyss
    22 | D:1      | Reached * piety under Lugonu
    70 | D:1      | Reached skill level 3 in Long Blades
   133 | D:1      | Reached XP level 2. HP: 21/21 MP: 4/4
   336 | D:1      | Reached skill level 4 in Long Blades
   426 | D:2      | Reached XP level 3. HP: 11/26 MP: 5/5
   944 | D:2      | Reached ** piety under Lugonu
   952 | D:2      | Found a sparkling altar of Nemelex Xobeh.
  1072 | D:2      | Found a white marble altar of Elyvilon.
  1113 | D:2      | Reached skill level 5 in Long Blades
  1576 | D:3      | Reached XP level 4. HP: 25/31 MP: 6/6
  2271 | D:3      | Slain by a gnoll

Skill      XL: |  1  2  3  4 |
---------------+-------------+-----
Long Blades    | 3 4 5 |  5.4
Dodging        | 3 |  3.2
Fighting       | |  3.0
Armour         | |  0.8
Invocations    | |  2.0

Action                   |  1- 3 |  4- 6 || total
-------------------------+-------+-------++-------
Melee: Falchion          |    95 |    58 ||   153
Invok: Depart the Abyss  |     1 |       ||     1
       Bend Space        |       |     2 ||     2
 Stab: Sleeping          |     1 |     1 ||     2
  Eat: Chunk             |     2 |       ||     2
       Bread ration      |       |     1 ||     1
Armor: Leather armour    |    23 |    22 ||    45
Dodge: Dodged            |    72 |    56 ||   128
       Rpst.: Falchion   |    24 |    20 ||    44
